 Dungeon Crawl Stone Soup version 0.27-a0-29-g2d0a2396b0 (webtiles) character file.

Game seed: 769983068370010129

214 gruber the Ducker (level 5, -7/43 HPs)
             Began as a Gnoll Wanderer on Jan 3, 2021.
             Mangled by an ogre
             ... wielding a +0 giant club
              (14 damage)
             ... on level 4 of the Dungeon.
             The game lasted 00:02:16 (2858 turns).

gruber the Ducker (Gnoll Wanderer)                  Turns: 2858, Time: 00:02:16

Health: -7/43      AC:  8    Str: 21    XL:     5   Next: 92%
Magic:  7/7        EV: 14    Int: 17    God:
Gold:   80         SH:  0    Dex: 12    Spells: 7/7 levels left

rFire    + + .     SeeInvis .   a - +0 falchion
rCold    . . .     Faith    .   (no shield)
rNeg     . . .     Spirit   .   q - +1 ring mail {rF+}
rPois    .         Reflect  .   (no helmet)
rElec    .         Harm     .   (no cloak)
rCorr    .         Rampage  .   f - +0 pair of gloves
Will     .....                  c - +0 pair of boots
Stlth    +.........             (no amulet)
HPRegen  0.14/turn              k - ring of protection from fire
MPRegen  0.10/turn              p - +6 ring of strength

@: no status effects
A: distributed training, fangs 1, strong nose
a: no special abilities


You were on level 4 of the Dungeon.
You visited 1 branch of the dungeon, and saw 4 of its levels.

You collected 80 gold pieces.

Inventory:

Hand Weapons
 a - a +0 falchion (weapon)
Armour
 c - a +0 pair of boots (worn)
 f - a +0 pair of gloves (worn)
 q - a +1 ring mail of fire resistance (worn)
Jewellery
 k - a ring of protection from fire (left hand)
 p - a +6 ring of strength (right hand)
Scrolls
 d - a scroll of noise {unknown}
 e - a scroll of enchant armour {unknown}
 h - 2 scrolls of identify {unknown}
 i - 4 scrolls of amnesia {unknown}
 j - 2 scrolls of fog {unknown}
 m - a scroll of remove curse {unknown}
 o - a scroll of enchant weapon {unknown}
Potions
 b - a potion of lignification
 g - a potion of haste
 l - a potion of attraction {unknown}
 n - 4 potions of curing {unknown}


   Skills:
 + Level 4.9 Fighting
 + Level 3.1 Short Blades
 + Level 4.9 Long Blades
 + Level 1.7 Axes
 + Level 1.7 Maces & Flails
 + Level 1.7 Polearms
 + Level 1.7 Staves
 + Level 1.7 Slings
 + Level 1.7 Bows
 + Level 1.7 Crossbows
 + Level 3.1 Throwing
 + Level 1.7 Armour
 + Level 6.7 Dodging
 + Level 2.9 Stealth
 + Level 1.7 Shields
 + Level 1.7 Unarmed Combat
 + Level 1.7 Spellcasting
 + Level 1.3 Conjurations
 + Level 1.3 Hexes
 + Level 1.3 Summonings
 + Level 1.3 Necromancy
 + Level 1.3 Translocations
 + Level 1.3 Transmutations
 + Level 1.3 Fire Magic
 + Level 1.3 Ice Magic
 + Level 1.3 Air Magic
 + Level 1.3 Earth Magic
 + Level 1.3 Poison Magic
 + Level 1.9 Invocations
 + Level 1.7 Evocations


You had 7 spell levels left.
You didn't know any spells.
Your spell library was empty.

Dungeon Overview and Level Annotations

Branches:
Dungeon (4/15)
 Temple: D:4-7

Altars:

Annotations:
D:3 2 transporters, emiel's ghost, amateur FoFi
D:4 1 runed translucent door, Lanoc's ghost, novice TrFi


Innate Abilities, Weirdness & Mutations

Your experience applies equally to all skills.
You have very sharp teeth.
Your uncanny sense of smell can sniff out nearby items.


Message History

You hit the ogre.
The ogre is severely wounded.
The ogre misses you.
You hit the ogre. You bite the ogre.
The ogre is almost dead.
The ogre hits you with a +0 giant club!
* * * LOW HITPOINT WARNING * * *
You hit the ogre but do no damage.
The ogre is almost dead.
The ogre closely misses you.
You riposte.
You barely miss the ogre.
The ogre is almost dead.
You barely miss the ogre. You bite the ogre.
The ogre is almost dead.
You hit the ogre but do no damage.
The ogre is almost dead.
The ogre misses you.
You barely miss the ogre.
The ogre is almost dead.
The ogre hits you with a +0 giant club!
You die...

#.# #####.#
### .#
#.....#?#.#
#.#
#.###.#W#.#
>. #.#
#.#S#.#..
#.#
#.#S#.#..
#.#
#<#F#....
#.#
#.#+#O#..
#.# #....@#
#[#######.#
#.........#
###########


You could see an ogre, a bullfrog, Lanoc's ghost and 2 adders.

Vanquished Creatures
  An orc priest (D:3)
  3 orc wizards (D:3)
  3 adders (D:3)
  2 worms (D:3)
  2 dart slugs
  2 leopard geckos
  9 orcs (D:3)
  4 giant cockroaches
  5 goblins
  7 hobgoblins
  9 kobolds
  5 bats
  2 frilled lizards
  4 rats
58 creatures vanquished.

Notes
Turn   | Place    | Note
-------+----------+-------------------------------------------
     0 | D:1      | gruber the Gnoll Wanderer began the quest for the Orb.
     0 | D:1      | gruber set off with the following items: a +0 falchion, a
                  | potion of lignification, a +2 leather armour
     0 | D:1      | Reached XP level 1. HP: 20/20 MP: 1/1
     9 | D:1      | You fall into a shaft and drop 1 floor!
   227 | D:2      | Reached XP level 2. HP: 26/26 MP: 2/2
   525 | D:1      | Reached XP level 3. HP: 29/31 MP: 3/3
  1664 | D:3      | Reached skill level 1 in Invocations
  1831 | D:3      | Reached skill level 1 in Axes
  1831 | D:3      | Reached skill level 1 in Maces & Flails
  1831 | D:3      | Reached skill level 1 in Polearms
  1831 | D:3      | Reached skill level 1 in Staves
  1831 | D:3      | Reached skill level 1 in Slings
  1831 | D:3      | Reached skill level 1 in Bows
  1831 | D:3      | Reached skill level 1 in Crossbows
  1831 | D:3      | Reached skill level 1 in Armour
  1831 | D:3      | Reached skill level 1 in Shields
  1831 | D:3      | Reached skill level 1 in Unarmed Combat
  1831 | D:3      | Reached skill level 1 in Spellcasting
  1831 | D:3      | Reached skill level 1 in Evocations
  1831 | D:3      | Reached XP level 4. HP: 22/38 MP: 5/5
  2123 | D:3      | Reached skill level 1 in Conjurations
  2123 | D:3      | Reached skill level 1 in Hexes
  2123 | D:3      | Reached skill level 1 in Summonings
  2123 | D:3      | Reached skill level 1 in Necromancy
  2123 | D:3      | Reached skill level 1 in Translocations
  2123 | D:3      | Reached skill level 1 in Transmutations
  2123 | D:3      | Reached skill level 1 in Fire Magic
  2123 | D:3      | Reached skill level 1 in Ice Magic
  2123 | D:3      | Reached skill level 1 in Air Magic
  2123 | D:3      | Reached skill level 1 in Earth Magic
  2123 | D:3      | Reached skill level 1 in Poison Magic
  2244 | D:3      | Reached XP level 5. HP: 43/43 MP: 5/7
  2268 | D:3      | Found a transporter.
  2269 | D:3      | Identified the +7 dire flail of Integrity {vorpal, rPois
                  | rC+}
  2269 | D:3      | Noticed an ogre
  2275 | D:3      | Noticed emiel's ghost (amateur FoFi)
  2293 | D:3      | Found a transporter.
  2823 | D:4      | Found a runed translucent door.
  2846 | D:4      | Noticed an ogre
  2849 | D:4      | Noticed Lanoc's ghost (novice TrFi)
  2858 | D:4      | Mangled by an ogre

Illustrated notes

Levels and vault maps discovered:
D:1:      heliophobic_arrival_glass_houses, layout_rooms, minmay_domino_2
D:2:      layout_basic
D:3:      layout_rooms, gammafunk_ghost_smash
D:4:      minmay_diamond_boxcup, layout_loops_corners, grunt_gozag_statues,
          ebering_ghost_sewer_d, uniq_natasha, uniq_edmund

Skill      XL: |  1  2  3  4  5 |
---------------+----------------+-----
Invocations    | 1 |  1.9
Axes           | 1 |  1.7
Maces & Flails | 1 |  1.7
Polearms       | 1 |  1.7
Staves         | 1 |  1.7
Slings         | 1 |  1.7
Bows           | 1 |  1.7
Crossbows      | 1 |  1.7
Armour         | 1 |  1.7
Shields        | 1 |  1.7
Unarmed Combat | 1 |  1.7
Spellcasting   | 1 |  1.7
Evocations     | 1 |  1.7
Conjurations   | 1 |  1.3
Hexes          | 1 |  1.3
Summonings     | 1 |  1.3
Necromancy     | 1 |  1.3
Translocations | 1 |  1.3
Transmutations | 1 |  1.3
Fire Magic     | 1 |  1.3
Ice Magic      | 1 |  1.3
Air Magic      | 1 |  1.3
Earth Magic    | 1 |  1.3
Poison Magic   | 1 |  1.3
Short Blades   | 3 |  3.1
Throwing       | 3 |  3.1
Fighting       | |  4.9
Long Blades    | |  4.9
Dodging        | |  6.7
Stealth        | |  2.9

Action                   |  1- 3 |  4- 6 || total
-------------------------+-------+-------++-------
Melee: Falchion          |   102 |    97 ||   199
       Bite              |    10 |    15 ||    25
 Stab: Sleeping          |     4 |       ||     4
Armor: Leather armour    |    27 |    11 ||    38
       Ring mail         |       |    12 ||    12
Dodge: Dodged            |    77 |    71 ||   148
       Rpst.: Falchion   |    20 |    24 ||    44

Table legend: (Time is in decaauts)
 A = Elapsed time spent in this place.
 B = Non-inter-level travel time spent in this place.
 C = Inter-level travel time spent in this place.
 D = Time resting spent in this place.
 E = Time spent auto-exploring this place.
 F = Levels seen in this place.
 G = Mean time per level.
                   A        B        C        D        E       F      G
               +--------+--------+--------+--------+--------+-----+--------+
         Total |   2877 |   2761 |    116 |      0 |   2285 |   4 |  719.2 |
       Dungeon |   2877 |   2761 |    116 |      0 |   2285 |   4 |  719.2 |
               +--------+--------+--------+--------+--------+-----+--------+

Top non-repeatable levels by time:
     D:3: 1182 daAuts
     D:2: 852 daAuts
     D:1: 806 daAuts
     D:4: 35 daAuts
